 Dungeon Crawl Stone Soup version 0.20.1-1-g8b1a95d (webtiles) character file.

2219 HammerPanzer the Basher (level 9, -2/74 HPs)
             Began as a Demonspawn Berserker on Oct 29, 2017.
             Was an Elder of Trog.
             Slain by a hog (7 damage)
             ... on level 6 of the Dungeon.
             The game lasted 00:15:40 (6063 turns).

HammerPanzer the Basher (Demonspawn Berserker)      Turns: 6063, Time: 00:15:40

Health: -2/74      AC: 10    Str: 18    XL:     9   Next: 13%
Magic:  9/9        EV:  6    Int:  8    God:    Trog [****..]
Gold:   300        SH: 13    Dex: 12    Spells: 8/8 levels left

rFire    + . .     SeeInvis .   x - +0 flail
rCold    . . .     Gourm    +   u - +0 large shield
rNeg     . . .     Faith    .   f - +0 scale mail
rPois    +         Spirit   .   (no helmet)
rElec    .         Reflect  .   (no cloak)
rCorr    .         Harm     .   (no gloves)
MR       +....                  (no boots)
Stlth    +.........             r - amulet of the gourmand
Regen    0.3/turn               g - ring of protection from magic
MPRegen  0.2/turn               n - ring of protection from fire

@: berserk cooldown, slowed, very slow
A: claws 1, slimy green scales 3, dopey 1, nightstalker 1, powered by death 2,
robust 1, weak 1
a: Berserk, Trog's Hand, Brothers in Arms, Burn Spellbooks, Renounce Religion


You were on level 6 of the Dungeon.
You worshipped Trog.
Trog was greatly pleased with you.
You were very full.

You visited 1 branch of the dungeon, and saw 7 of its levels.

You collected 300 gold pieces.

Inventory:

Hand Weapons
 x - a +0 flail (weapon)
Missiles
 q - 7 curare-tipped needles (quivered)
Armour
 f - a +0 scale mail (worn)
 u - a +0 large shield (worn)
Jewellery
 b - an uncursed amulet of faith {unknown}
 g - a ring of protection from magic (left claw)
 l - an uncursed ring of resist corrosion {unknown}
 n - a ring of protection from fire (right claw)
 r - an amulet of the gourmand (around neck)
Wands
 t - a wand of random effects (26/48)
Scrolls
 d - 2 scrolls of identify
 e - a scroll of remove curse
 h - 3 scrolls of magic mapping
 j - 4 scrolls of teleportation
 m - 2 scrolls of fog
 v - a scroll of enchant armour {unknown}
Potions
 k - 2 potions of magic
Comestibles
 c - 4 bread rations
 i - 3 meat rations
 p - 5 fruits
 w - 2 chunks of flesh


   Skills:
 + Level 5.2 Fighting
 * Level 9.7 Maces & Flails
 - Level 1.7 Armour
 - Level 1.7 Dodging
 + Level 1.3 Stealth
 + Level 4.0 Shields


You had 8 spell levels left.
You didn't know any spells.

Dungeon Overview and Level Annotations

Branches:
Dungeon (7/15)             Temple (0/1) D:6

Altars:
Dithmenos
Ru
Vehumet
Yredelemnul


Innate Abilities, Weirdness & Mutations

You have sharp fingernails.
You are completely covered in slimy green scales. (AC +4, rPois)
You are slightly more attuned to the shadows.
You regenerate health from kills.
You are dopey. (Int -2)
You are robust. (+10% HP)
You are weak. (Str -2)


Message History

You feel better. The hog bites you but does no damage.
You block the hog's attack. x2; The hog bites you but does no damage.
You feel better. The hog bites you!
* * * LOW HITPOINT WARNING * * *
The hog bites you.
* * * LOW HITPOINT WARNING * * *
The hog barely misses you. The hog bites you but does no damage.
Wield which item (- for none, * to show all)? (? for menu, Esc to quit)
Okay, then.
The hog bites you.
* * * LOW HITPOINT WARNING * * *
The hog bites you.
* * * LOW HITPOINT WARNING * * *
The hog bites you.
* * * LOW HITPOINT WARNING * * *
You climb upwards.
There is a stone staircase leading down, spattered with blood here.
You block the hog's attack. x2
You block the hog's attack. The hog barely misses you. The hog bites you!
You die...

#............# #........#
######.......# #........#
#.......# #........# #.......#
#........#
#.......####.........
##########....รท...............
#.............>.....[.).......
#.........###hh.....)[........
#.........# #@.#######+##.....
#.........# #...........+.....
#.........###..#######.##.....
#.................# #.##.....
#######...........# #.##.....
#...........# #.##.....
#...........# #.##.....
#...........####..+.....
#...........'.....#.....


You could see 2 hogs.

Vanquished Creatures
  The ghost of Frank the Slasher, a novice OpFi (D:6)
  2 hogs
  A human (D:7)
  A phantom (D:3)
  An orc warrior (D:6)
  A black bear (D:7)
  A sky beast (D:6)
  An ogre (D:4)
  2 bullfrogs (D:6)
  2 howler monkeys (D:4)
  2 jellies (D:6)
  3 bullfrog skeletons
  A gnoll shaman (D:4)
  Ijyb (D:3)
  4 worker ants
  An orc wizard (D:3)
  6 gnolls
  12 adders
  A shadow imp (D:4)
  2 oozes
  An adder skeleton (D:6)
  4 worms
  6 dart slugs
  5 leopard geckos
  6 orcs
  4 bats
  5 giant cockroaches
  10 goblins
  4 hobgoblins
  17 jackals
  7 kobolds
  3 quokkas
  2 ball pythons
  6 frilled lizards
  A jackal skeleton (D:4)
  13 rats
140 creatures vanquished.

Notes
Turn   | Place    | Note
-------+----------+-------------------------------------------
     0 | D:1      | HammerPanzer the Demonspawn Berserker began the quest for the Orb.
     0 | D:1      | Reached XP level 1. HP: 18/18 MP: 1/1
   295 | D:1      | Reached skill level 3 in Maces & Flails
   336 | D:2      | Gained mutation: You are partially covered in slimy green scales. (AC +2) [demonic ancestry]
   336 | D:2      | Reached XP level 2. HP: 20/24 MP: 2/2
   713 | D:2      | Gained mutation: You have sharp fingernails. [demonic ancestry]
   713 | D:2      | Reached XP level 3. HP: 29/29 MP: 3/3
   848 | D:1      | Reached ** piety under Trog
  1229 | D:2      | Found a radiant altar of Vehumet.
  1433 | D:2      | Reached skill level 4 in Maces & Flails
  1518 | D:2      | Gained mutation: You are slightly more attuned to the shadows. [demonic ancestry]
  1518 | D:2      | Reached XP level 4. HP: 29/35 MP: 4/4
  2126 | D:3      | Found a sacrificial altar of Ru.
  2150 | D:3      | Reached *** piety under Trog
  2230 | D:3      | Reached XP level 5. HP: 41/41 MP: 5/5
  2307 | D:3      | Reached skill level 5 in Maces & Flails
  2928 | D:3      | Found a shadowy altar of Dithmenos.
  2929 | D:3      | Noticed Ijyb
  2936 | D:3      | Killed Ijyb
  3045 | D:3      | Noticed a phantom
  3066 | D:3      | Killed a phantom
  3066 | D:3      | Reached skill level 1 in Stealth
  3066 | D:3      | Gained mutation: You regenerate a little health from kills. [demonic ancestry]
  3066 | D:3      | Reached XP level 6. HP: 45/48 MP: 6/6
  3205 | D:5      | Entered Level 5 of the Dungeon
  3332 | D:4      | Reached skill level 6 in Maces & Flails
  3686 | D:4      | Gained mutation: You regenerate health from kills. [demonic ancestry]
  3686 | D:4      | Reached XP level 7. HP: 49/54 MP: 7/7
  3842 | D:4      | Reached skill level 7 in Maces & Flails
  4370 | D:6      | Noticed Frank's ghost (novice OpFi)
  4593 | D:6      | Reached skill level 1 in Shields
  4601 | D:6      | Found a basalt altar of Yredelemnul.
  4822 | D:6      | Found a staircase to the Ecumenical Temple.
  5043 | D:6      | Killed Frank's ghost
  5043 | D:6      | Reached **** piety under Trog
  5043 | D:6      | Reached skill level 8 in Maces & Flails
  5043 | D:6      | Gained mutation: You are mostly covered in slimy green scales. (AC +3) [demonic ancestry]
  5043 | D:6      | Reached XP level 8. HP: 61/61 MP: 8/8
  5498 | D:6      | Reached skill level 5 in Fighting
  5503 | D:6      | Gained mutation: You are completely covered in slimy green scales. (AC +4, rPois) [mutagenic meat]
  5504 | D:6      | Gained mutation: You are dopey. (Int -2) [mutagenic meat]
  5505 | D:6      | Gained mutation: Your magical capacity is low. (-10% MP) [mutagenic meat]
  5506 | D:6      | Gained mutation: You are robust. (+10% HP) [mutagenic meat]
  5507 | D:6      | Lost mutation: Your magical capacity is low. (-10% MP) [mutagenic meat]
  5508 | D:6      | Gained mutation: You are weak. (Str -2) [mutagenic meat]
  5567 | D:6      | Reached skill level 9 in Maces & Flails
  6050 | D:7      | Reached XP level 9. HP: 71/74 MP: 9/9
  6063 | D:6      | Slain by a hog

Skill      XL: |  1  2  3  4  5  6  7  8  9 |
---------------+----------------------------+-----
Maces & Flails | 3 4 5 6 8 9 |  9.7
Stealth        | 1 |  1.3
Fighting       | 4 5 |  5.2
Shields        | 2 3 4 |  4.0
Armour         | |  1.7
Dodging        | |  1.7

Action                   |  1- 3 |  4- 6 |  7- 9 || total
-------------------------+-------+-------+-------++-------
Melee: Mace              |   136 |   198 |   222 ||   556
       Flail             |       |       |    62 ||    62
Invok: Berserk           |     2 |     6 |     8 ||    16
  Use: Scroll            |       |       |    10 ||    10
       Potion            |       |       |     4 ||     4
 Stab: Sleeping          |     2 |       |       ||     2
  Eat: Chunk             |     4 |    25 |    21 ||    50
Armor: Animal skin       |    30 |       |       ||    30
       Ring mail         |    13 |       |       ||    13
       Scale mail        |     2 |    97 |   120 ||   219
Dodge: Dodged            |   112 |   107 |    61 ||   280
Block: Large shield      |       |     5 |   256 ||   261
